 Dungeon Crawl Stone Soup version 0.29.0-5-ge4962eb29e (webtiles) character file.

Game seed: 15990715286880534917

31 ImASeal the Stinger (level 3, -6/25 HPs)
             Began as a Demonspawn Venom Mage on Aug 29, 2022.
             Killed by an exploding adder (24 damage)
             ... ignited by their inner flame
             ... on level 2 of the Dungeon.
             The game lasted 00:07:29 (1428 turns).

ImASeal the Stinger (Demonspawn Venom Mage)         Turns: 1428, Time: 00:07:30

Health: -6/25      AC:  7    Str:  8    XL:     3   Next: 7%
Magic:  4/6        EV: 10    Int: 18    God:
Gold:   89         SH:  0    Dex: 13    Spells: 5/6 levels left

rFire   . . .      SeeInvis .   e - +0 short sword (venom)
rCold   . . .      Faith    .   (no shield)
rNeg    . . .      Spirit   .   d - +0 ring mail
rPois   .          Reflect  .   (no helmet)
rElec   .          Harm     .   (no cloak)
rCorr   .          Rampage  .   (no gloves)
Will    .....                   (no boots)
Stlth   +.........              (no amulet)
HPRegen 0.08/turn               (no ring)
MPRegen 0.10/turn               (no ring)

@: brilliant
A: slimy green scales 1
a: no special abilities


You were on level 2 of the Dungeon.
You visited 1 branch of the dungeon, and saw 2 of its levels.

You collected 89 gold pieces.

Inventory:

Hand Weapons
 e - a +0 short sword of venom (weapon)
Armour
 a - a +0 robe
 d - a +0 ring mail (worn)
Scrolls
 h - 2 scrolls of amnesia {unknown}
 i - 2 scrolls of teleportation {unknown}
 j - a scroll of vulnerability {unknown}
 k - 3 scrolls of identify {unknown}


   Skills:
 + Level 0.4 Fighting
 + Level 0.4 Armour
 + Level 2.0 Dodging
 + Level 1.9 Stealth
 + Level 2.1 Spellcasting
 + Level 1.1 Transmutations
 + Level 3.5 Poison Magic


You had 5 spell levels left.
You knew the following spells:

 Your Spells              Type           Power      Damage    Failure   Level
a - Sting                 Tmut/Pois      60%        1d6       22%         1

Your spell library contained the following spells:

 Spells                   Type           Power      Damage    Failure   Level
 Poisonous Vapours        Pois/Air       24%        N/A       38%         2
 Mephitic Cloud           Conj/Pois/Air  9%         N/A       71%         3
 Olgreb's Toxic Radiance  Pois           22%        N/A       78%         4


Dungeon Overview and Level Annotations

Branches:
Dungeon (2/15)

Altars:

Annotations:
D:2 Natasha, Robin


Innate Abilities, Weirdness & Mutations

You are partially covered in slimy green scales. (AC +2)


Message History

The goblin no longer looks unusually strong.
The adder barely misses you.
A goblin comes into view. It is wielding a +0 spear.
The goblin hits you but does no damage.
The hobgoblin hits you but does no damage.
The goblin hits you with a +0 dagger. The goblin completely misses you.
As you read the scroll labelled JYSAN MYEME, it crumbles to dust.
The creatures around you are filled with an inner flame!
It was a scroll of immolation.
You feel sick.
The goblin no longer looks unusually strong.
The adder bites you but does no damage. The goblin barely misses you.
The goblin closely misses you. The goblin barely misses you.
The hobgoblin hits you. The adder barely misses you.
As you read the scroll labelled PIMMETO BYTU, it crumbles to dust.
You assume a fearsome visage.
Natasha looks frightened!
Robin looks frightened!
The goblin looks frightened! x5; The hobgoblin looks frightened!
The rat looks frightened!
The worm looks frightened!
The adder looks frightened!
It was a scroll of fear.
You feel sick.
You feel sick.
You are no longer poisoned.
The goblin no longer looks unusually strong.
Your magical contamination has completely faded away.
Cornered, the adder turns to fight!
The adder bites you but does no damage. The adder closely misses you.
The adder barely misses you.
Casting: Sting (safe; 22% risk of failure)
Confirm with . or Enter, or press ? or * to list all spells.
Aiming: Sting (safe; 22% risk of failure)
Press: ? - help, Shift-Dir - straight line, f - goblin
Aim: a goblin, wielding a +0 dagger (67% to hit)
You feel a surge of power!
The sting hits the adder.
The adder is poisoned.
Flame seeps out of the adder.
The adder is heavily wounded.
Flame seeps out of the adder.
The adder is engulfed in blazing flames.
The adder explodes!
The fiery explosion engulfs you!!
Ouch! That really hurt!
You die...

###..##....##
##.#..#..###
###.#.#......
#...†...#>###
...#..#..#...#
.##..........###
.....######..g.###
.....# #....##§○§#
.....# #.#######@######
.....###.# #......#
.(.#g#.g.# ##.....# ..
#.#.### #.....#
...#...# #.....#
...#.############.....#
......g..........>....#
...#.############.....#
...#g# #.....#


You could see a goblin.

Vanquished Creatures
  An adder (D:2)
  A bat (D:1)
  2 endoplasms
  4 goblins
  2 hobgoblins
  3 jackals (D:1)
  2 kobolds (D:1)
  3 quokkas (D:1)
  4 ball pythons
  4 frilled lizards
  2 rats (D:1)
28 creatures vanquished.

Notes
Turn   | Place    | Note
-------+----------+-------------------------------------------
     0 | D:1      | ImASeal the Demonspawn Venom Mage began the quest for the
                  | Orb.
     0 | D:1      | Reached XP level 1. HP: 13/13 MP: 3/3
   456 | D:1      | Gained mutation: You are partially covered in slimy green
                  | scales. (AC +2) [demonic ancestry]
   456 | D:1      | Reached XP level 2. HP: 19/19 MP: 0/5
   887 | D:1      | Found a faded altar of an unknown god.
  1074 | D:1      | Reached skill level 1 in Transmutations
  1397 | D:2      | Noticed Robin
  1402 | D:2      | Reached XP level 3. HP: 20/25 MP: 0/6
  1408 | D:2      | Noticed Natasha
  1428 | D:2      | Killed by an exploding adder... ignited by their inner
                  | flame

Illustrated notes

Levels and vault maps discovered:
D:1:      minmay_arrival_plants_in_alcoves, layout_basic,
          hellmonk_ecumenical_altar_lost_god
D:2:      layout_rooms, kennysheep_decorative_pillar, uniq_natasha, uniq_robin

Skill      XL: |  1  2 |
---------------+-------+-----
Dodging        | 2 |  2.0
Transmutations | 1 |  1.1
Fighting       | |  0.4
Armour         | |  0.4
Stealth        | |  1.9
Spellcasting   | |  2.1
Poison Magic   | |  3.5

Action                   || total
-------------------------++-------
Melee: Short sword       ||    27
 Cast: Sting             ||    39
  Use: Scroll            ||     4
       Potion            ||     3
Armor: Ring mail         ||    40
       Robe              ||     1
Dodge: Dodged            ||    44
